 Dungeon Crawl Stone Soup version 0.27.0-1-g7a08968 (webtiles) character file.

Game seed: 17110826360451388290

6 Danakh the Sneak (level 1, 0/18 HPs)
             Began as a Demonspawn Delver on Nov 27, 2021.
             Slain by a jackal (1 damage)
             ... on level 3 of the Dungeon.
             The game lasted 00:02:18 (488 turns).

Danakh the Sneak (Demonspawn Delver)                 Turns: 488, Time: 00:02:18

Health: 0/18       AC:  3    Str: 12    XL:     1   Next: 75%
Magic:  1/1        EV: 11    Int: 11    God:
Gold:   16         SH:  0    Dex: 14    Spells: 0/0 levels left

rFire    . . .     SeeInvis .   i - +1 quarterstaff (spect)
rCold    . . .     Faith    .   (shield currently unavailable)
rNeg     . . .     Spirit   .   b - +0 leather armour
rPois    .         Reflect  .   (no helmet)
rElec    .         Harm     .   (no cloak)
rCorr    .         Rampage  .   (no gloves)
Will     .....                  (no boots)
Stlth    ++........             (no amulet)
HPRegen  0.06/turn              (no ring)
MPRegen  0.07/turn              (no ring)

@: hasted, very quick
A: no striking features
a: no special abilities


You were on level 3 of the Dungeon.
You visited 1 branch of the dungeon, and saw 3 of its levels.

You collected 16 gold pieces.

Inventory:

Hand Weapons
 a - a +0 hand axe
 i - a +1 spectral quarterstaff (weapon)
Armour
 b - a +0 leather armour (worn)
Wands
 g - a wand of digging (3)
 k - a wand of iceblast (8)
Scrolls
 c - a scroll of fog
 d - a scroll of magic mapping
 e - a scroll of fear
 h - a scroll of amnesia {unknown}
 j - 2 scrolls of identify {unknown}
 l - a scroll of enchant weapon {unknown}


   Skills:
 + Level 3.1 Fighting
 + Level 1.9 Axes
 + Level 0.4 Armour
 + Level 1.9 Dodging
 - Level 4.5 Stealth


You couldn't memorise any spells.
You didn't know any spells.
Your spell library was empty.

Dungeon Overview and Level Annotations

Branches:
Dungeon (5/15)
 Temple: D:4-7

Altars:


Message History

* * * LOW HITPOINT WARNING * * *
The orc priest shouts!
You hear a shout!
Found a dagger.
You see here a +0 dagger.
The orc priest looks satisfied for a moment.
Found a scroll labelled DOASHRI UNUWIE.
Found a whip.
l - a scroll labelled DOASHRI UNUWIE A jackal comes into view.
A jackal comes into view.
The jackal barks!
You feel yourself speed up. The orc hits you but does no damage.
You hit the orc.
The orc is lightly wounded.
The orc barely misses you.
You sock the orc!
You kill the orc!
The orc priest hits you but does no damage.
Things that are here:
a +0 dagger; an orc corpse You barely miss the orc priest.
The orc priest barely misses you.
You closely miss the orc priest. The jackal bites you.
* * * LOW HITPOINT WARNING * * *
The orc priest hits you with a +0 club.
* * * LOW HITPOINT WARNING * * *
You hit the orc priest.
The orc priest is lightly wounded.
The jackal barely misses you. x2; The orc priest hits you with a +0 club.
* * * LOW HITPOINT WARNING * * *
You sock the orc priest!
The orc priest is heavily wounded.
The jackal misses you.
You hit the orc priest.
The orc priest is almost dead.
The orc priest barely misses you. The jackal barely misses you.
You sock the orc priest!
You kill the orc priest!
The jackal bites you.
You die...

##....# #o#.
#....# #.#. ##o#.#
#.#. #.#.# #...
#o#.# ###. #.#.#
#. #.#.# ##
##############...#
.........h@).....#
###############.##
.# .# .# .# ..


You could see a jackal.

Vanquished Creatures
  An orc priest (D:3)
  A worm (D:5)
  An orc (D:3)
  A bat (D:3)
4 creatures vanquished.

Notes
Turn   | Place    | Note
-------+----------+-------------------------------------------
     0 | D:5      | Danakh the Demonspawn Delver began the quest for the Orb.
     0 | D:5      | Reached XP level 1. HP: 18/18 MP: 1/1
   226 | D:5      | Noticed an ogre
   423 | D:3      | Noticed an orc wizard
   436 | D:3      | Noticed an orc priest
   436 | D:3      | Noticed an orc priest
   488 | D:3      | Killed an orc priest
   488 | D:3      | Slain by a jackal

Illustrated notes

Levels and vault maps discovered:
D:3:      layout_loops_ring, nicolae_ru_great_annihilating_truth,
          nicolae_dithmenos_the_darkroom, minmay_misc_feat_five
D:4:      layout_loops_ring, tgw_xom, uniq_natasha
D:5:      layout_loops_ring, serial_shops, shop, gammafunk_ghost_abyssal_escape,
          uniq_prince_ribbit1

Action                   || total
-------------------------++-------
Melee: Quarterstaff      ||    14
  Use: Potion            ||     1
Armor: Leather armour    ||     2
Dodge: Dodged            ||     9
